 Dungeon Crawl Stone Soup version 0.29.0-4-gdea44cf6ec (webtiles) character file.

Game seed: 3308019733460645692

17825 qw the Brawler (level 12, -2/118 HPs)
             Began as a Troll Cinder Acolyte on Sept 2, 2022.
             Was a Follower of Okawaru.
             Slain by a nine-headed hydra (13 damage)
             ... on level 3 of the Lair of Beasts.
             The game lasted 00:09:00 (9872 turns).

qw the Brawler (Troll Cinder Acolyte)               Turns: 9872, Time: 00:09:01

Health: -2/118     AC:  5    Str: 27    XL:     12   Next: 22%
Magic:  10/11      EV: 10    Int: 10    God:    Okawaru [*.....]
Gold:   708        SH:  0    Dex:  5    Spells: 13/13 levels left

rFire   . . .      SeeInvis .     - Unarmed
rCold   . . .      Faith    .   (no shield)
rNeg    . . .      Spirit   .   d - +1 robe of Vines {NoPotionHeal Regen++++}
rPois   .          Reflect  .   (helmet restricted)
rElec   .          Harm     .   (no cloak)
rCorr   .          Rampage  .   (gloves unavailable)
Will    .....                   (boots unavailable)
Stlth   ++........              (no amulet)
HPRegen 4.29/turn               g - ring of protection from fire
MPRegen 0.12/turn               (no ring)

@: about to teleport, heroic, fire susceptible
A: large, unfitting armour, claws 3, regeneration 1, shaggy fur 1, tough skin 1,
low MP 1, screaming 1, weak 1
a: Renounce Religion, Heroism


You were on level 3 of the Lair of Beasts.
You worshipped Okawaru.
Okawaru was aware of your devotion.
You visited 3 branches of the dungeon, and saw 13 of its levels.

You collected 708 gold pieces.


Innate Abilities, Weirdness & Mutations

You are too large for most types of armour.
You have claws for hands.
Your natural rate of healing is unusually fast.
You are covered in fur. (AC +1)
You have tough skin. (AC +1)
Your magical capacity is low. (-10% MP)
You occasionally shout uncontrollably at your foes.
You are weak. (Str -2)


   Skills:
 + Level 7.1(12.1) Fighting
 - Level 2.2(7.2) Throwing
 - Level 2.0(7.0) Dodging
 - Level 18.0(23.0) Unarmed Combat
 - Level 1.0 Spellcasting
 - Level 2.1 Fire Magic
 + Level 0.6 Invocations


You had 13 spell levels left.
You didn't know any spells.
Your spell library contained the following spells:

 Spells                   Type           Power      Damage    Failure   Level
 Scorch                   Fire           8%         2d5       22%         2

Inventory:

Missiles
 b - 4 boomerangs (quivered)
Armour
 d - the +1 robe of Vines (worn) {NoPotionHeal Regen++++}
   (You acquired it on level 2 of the Dungeon)

   Its wearer cannot be healed by potions.
   Regen:     It increases your rate of health regeneration.
Jewellery
 g - a ring of protection from fire (left claw)
Scrolls
 k - a scroll of identify
 n - a scroll of magic mapping {unknown}
Potions
 a - 2 potions of mutation
 c - 2 potions of might
 e - a potion of heal wounds
 f - a potion of haste
 h - a potion of resistance
 i - a potion of flight {unknown}
 j - a potion of cancellation
 m - a potion of magic {unknown}
 o - a potion of curing

Dungeon Overview and Level Annotations

Branches:
Dungeon (9/15)             Temple (1/1) D:7            Lair (3/5) D:9
 Spider (0/4) Lair:2
  Swamp: Lair:2-3    Shoals: Lair:2-3       Orc: D:9-12

Altars:
Ashenzari
Cheibriados
Dithmenos
Elyvilon
Fedhas
Gozag
Hepliaklqana
Kikubaaqudgha
Nemelex Xobeh
Okawaru
Qazlal
Ru
Sif Muna
Trog
Uskayaw
Vehumet
Wu Jian
Xom
Yredelemnul
Zin
The Shining One

Annotations:
D:8 3 runed translucent doors, qw's ghost, novice TrCA


Message History

Throw: 4 boomerangs
Press: ? - help, Q - select action Shift-Dir - straight line, f/p - seven-headed hydra You throw a boomerang.
The boomerang hits the seven-headed hydra.
The seven-headed hydra is moderately wounded.
A water moccasin comes into view.
9868 ||| Stepping ~*~*~tactically~*~*~ (stealth).
The seven-headed hydra attacks as you move away!
The seven-headed hydra bites you but does no damage.
The seven-headed hydra barely misses you.
The seven-headed hydra bites you.
The seven-headed hydra closely misses you.
The seven-headed hydra bites you! x2; The seven-headed hydra bites you.
The water moccasin hisses angrily.
You rip one of the seven-headed hydra's heads off!
The six-headed hydra grows two more!
You eviscerate the eight-headed hydra!!!
The eight-headed hydra is severely wounded.
The eight-headed hydra bites you! The eight-headed hydra bites you.
The eight-headed hydra closely misses you.
The eight-headed hydra misses you. The eight-headed hydra bites you! x2
The eight-headed hydra bites you but does no damage.
The eight-headed hydra misses you.
You barely miss the eight-headed hydra.
Your claw misses the eight-headed hydra.
The eight-headed hydra is severely wounded.
You tear one of the eight-headed hydra's heads off!
The seven-headed hydra grows two more!
You eviscerate the nine-headed hydra!!!
The nine-headed hydra is almost dead.
The nine-headed hydra bites you! The nine-headed hydra bites you.
The nine-headed hydra closely misses you.
The nine-headed hydra bites you!
The nine-headed hydra closely misses you.
The nine-headed hydra bites you but does no damage. x2
The nine-headed hydra bites you! x2
9872 ||| READING scroll of teleportation.
As you read the scroll of teleportation, it crumbles to dust.
You feel strangely unstable. The nine-headed hydra bites you!
You die...

#7777 #.... P. #7777 #..
##...# 7 #..##########
#.#..#####
P...P.#..#..#####........
.........................
......S..................
#.P.P..#@##..#...##..P...
.......D..............P..
...............%.........
.#######.#####.####P.####
### ### ####


You could see a nine-headed hydra and a water moccasin.

Vanquished Creatures
  2 hydras (Lair:3)
  A boulder beetle (Lair:3)
  Pikel (D:5)
  An elephant (D:9)
  2 black mambas
  4 cane toads
  A torpor snail (Lair:3)
  A rime drake (Lair:3)
  5 komodo dragons
  A troll (D:9)
  A polar bear (Lair:3)
  3 blink frogs (Lair:1)
  A dream sheep (Lair:3)
  A shadow (D:9)
  3 wyverns
  15 yaks
  A basilisk (D:9)
  2 steam dragons (D:9)
  3 vampire mosquitoes (D:8)
  Edmund (D:5)
  11 water moccasins
  A sky beast (D:7)
  5 orc warriors
  3 black bears
  4 ice beasts
  2 ogres
  6 centaurs
  3 wolves (Lair:1)
  A phantom (D:5)
  Blork the orc (D:5)
  11 bullfrogs
  2 kobold brigands
  4 necrophages
  A scorpion (D:5)
  A gnoll sergeant (D:6)
  17 wights
  A howler monkey (D:7)
  3 hounds
  2 jellies
  2 gnoll boudas
  8 orc priests
  2 iguanas
  16 orc wizards
  Robin (D:3)
  18 gnolls
  9 adders
  2 white imps
  2 worms
  A dart slug (D:4)
  27 orcs
  4 endoplasms
  12 giant cockroaches
  12 goblins
  7 hobgoblins
  2 jackals (D:2)
  10 kobolds
  11 quokkas
  6 ball pythons
  5 bats
  2 frilled lizards
  4 rats
292 creatures vanquished.

Vanquished Creatures (others)
  A bullfrog (D:8)
  A fungus (Lair:3)
  19 plants
21 creatures vanquished.

Grand Total: 313 creatures vanquished

Notes
Turn   | Place    | Note
-------+----------+-------------------------------------------
     0 | D:1      | qw the Troll Cinder Acolyte began the quest for the Orb.
     0 | D:1      | Reached XP level 1. HP: 22/22 MP: 1/1
     0 | D:1      | 0 ||| qw: Version: 0.1-a-97-g2dd2ca4
     0 | D:1      | 0 ||| qw: Game counter: 5016
     0 | D:1      | 0 ||| qw: Always use a shield: true
     0 | D:1      | 0 ||| qw: God list: Okawaru
     0 | D:1      | 0 ||| qw: Allow faded altars: false
     0 | D:1      | 0 ||| qw: Do Orc after D:15 true
     0 | D:1      | 0 ||| qw: Do second Lair branch before Depths: true
     0 | D:1      | 0 ||| qw: Lair rune preference: random
     0 | D:1      | 0 ||| qw: Plans: Normal
     0 | D:1      | 0 ||| PLANNING D:1-11
   108 | D:1      | Found a faded altar of an unknown god.
   135 | D:1      | Reached XP level 2. HP: 29/29 MP: 2/2
   206 | D:1      | 206 ||| Stepping ~*~*~tactically~*~*~ (outnumbered).
   219 | D:1      | 219 ||| Stepping ~*~*~tactically~*~*~ (stealth).
   220 | D:1      | 220 ||| Stepping ~*~*~tactically~*~*~ (stealth).
   222 | D:1      | 222 ||| Stepping ~*~*~tactically~*~*~ (stealth).
   303 | D:1      | Reached skill level 4 in Unarmed Combat
   306 | D:1      | 306 ||| Stepping ~*~*~tactically~*~*~ (stealth).
   337 | D:1      | 337 ||| Stepping ~*~*~tactically~*~*~ (outnumbered).
   339 | D:1      | 339 ||| Stepping ~*~*~tactically~*~*~ (outnumbered).
   342 | D:1      | 342 ||| Stepping ~*~*~tactically~*~*~ (outnumbered).
   343 | D:1      | 343 ||| Stepping ~*~*~tactically~*~*~ (outnumbered).
   346 | D:1      | Reached XP level 3. HP: 23/36 MP: 3/3
   672 | D:1      | 672 ||| DROPPING scarf of invisibility.
   673 | D:1      | 673 ||| READING 3 scrolls labelled AZXIDO RIRAFEO.
   674 | D:1      | 674 ||| READING scroll labelled HOHAMY ILL.
   678 | D:1      | 678 ||| READING scroll labelled CUPASE OGIMNOG.
   679 | D:1      | 679 ||| DROPPING 2 scrolls of butterflies.
  1368 | D:2      | Reached skill level 5 in Unarmed Combat
  1368 | D:2      | Reached XP level 4. HP: 36/44 MP: 4/4
  1471 | D:2      | 1471 ||| READING 2 scrolls labelled BOYBEALLUGUGG.
  1472 | D:2      | 1472 ||| READING scroll labelled BUHEDGHOSOPT.
  1472 | D:2      | Identified a scroll of acquirement
  1472 | D:2      | 1472 ||| ACQUIRING +1 robe of Vines {NoPotionHeal
                  | Regen++++}
  1472 | D:2      | Acquired the +1 robe of Vines {NoPotionHeal Regen++++}
  1472 | D:2      | Found the +1 robe of Vines {NoPotionHeal Regen++++}
  1474 | D:2      | 1474 ||| UPGRADING to +1 robe of Vines {NoPotionHeal
                  | Regen++++}.
  1484 | D:2      | 1484 ||| DROPPING +0 robe.
  1485 | D:2      | 1485 ||| READING 2 scrolls labelled TODDEQO MIHAL.
  1486 | D:2      | 1486 ||| READING 2 scrolls labelled QIEJAM FALOJAG.
  1487 | D:2      | 1487 ||| READING scroll labelled DARUSK WOYGOI.
  1488 | D:2      | 1488 ||| READING scroll labelled MIWYZI UREI.
  1489 | D:2      | 1489 ||| READING scroll labelled XEQILU SOOHU.
  1490 | D:2      | 1490 ||| DROPPING scroll of noise.
  1491 | D:2      | 1491 ||| DROPPING scroll of vulnerability.
  1543 | D:3      | 1543 ||| Stepping ~*~*~tactically~*~*~ (stealth).
  1544 | D:3      | Noticed Robin
  1545 | D:3      | 1545 ||| Stepping ~*~*~tactically~*~*~ (stealth).
  1554 | D:3      | Killed Robin
  1963 | D:3      | You fall into a shaft and drop 3 floors!
  2042 | D:6      | 2042 ||| READING scroll labelled WATWEA OTEINKU.
  2043 | D:6      | 2043 ||| DRINKING 2 dark potions.
  2044 | D:6      | 2044 ||| DRINKING 2 sapphire potions.
  2045 | D:6      | 2045 ||| DRINKING 2 smoky inky potions.
  2046 | D:6      | 2046 ||| DRINKING 2 inky potions.
  2100 | D:6      | 2100 ||| DRINKING 2 fizzy brown potions.
  2101 | D:6      | 2101 ||| READING 2 scrolls of identify.
  2101 | D:6      | 2101 ||| IDENTIFYING puce potion
  2102 | D:6      | 2102 ||| DROPPING potion of brilliance.
  2103 | D:6      | 2103 ||| DROPPING potion of lignification.
  2104 | D:6      | 2104 ||| DROPPING potion of degeneration.
  2113 | D:5      | Entered Level 5 of the Dungeon
  2123 | D:5      | Noticed a scorpion
  2124 | D:5      | 2124 ||| Stepping ~*~*~tactically~*~*~ (stealth).
  2125 | D:5      | 2125 ||| Stepping ~*~*~tactically~*~*~ (stealth).
  2128 | D:5      | 2128 ||| Stepping ~*~*~tactically~*~*~ (stealth).
  2129 | D:5      | 2129 ||| Stepping ~*~*~tactically~*~*~ (stealth).
  2131 | D:5      | 2131 ||| Stepping ~*~*~tactically~*~*~ (outnumbered).
  2133 | D:5      | 2133 ||| INVOKING Fiery Armour.
  2136 | D:5      | 2136 ||| DRINKING potion of curing.
  2136 | D:5      | 2136 ||| (to cure confusion)
  2137 | D:5      | Killed a scorpion
  2138 | D:5      | Reached skill level 6 in Unarmed Combat
  2138 | D:5      | Reached XP level 5. HP: 39/50 MP: 5/5
  2203 | D:5      | Noticed a phantom
  2210 | D:5      | Killed a phantom
  2211 | D:5      | Reached skill level 7 in Unarmed Combat
  2211 | D:5      | Reached XP level 6. HP: 58/59 MP: 6/6
  2290 | D:5      | 2290 ||| READING scroll labelled NIUMIWUMPE.
  2377 | D:4      | 2377 ||| Stepping ~*~*~tactically~*~*~ (hiding).
  2382 | D:4      | 2382 ||| INVOKING Fiery Armour.
  2385 | D:4      | 2385 ||| Stepping ~*~*~tactically~*~*~ (outnumbered).
  2389 | D:4      | 2389 ||| Stepping ~*~*~tactically~*~*~ (hiding).
  2402 | D:4      | Reached skill level 8 in Unarmed Combat
  2402 | D:4      | Reached XP level 7. HP: 64/66 MP: 7/7
  2517 | D:4      | 2517 ||| Stepping ~*~*~tactically~*~*~ (stealth).
  2518 | D:4      | 2518 ||| Stepping ~*~*~tactically~*~*~ (stealth).
  2575 | D:4      | 2575 ||| Stepping ~*~*~tactically~*~*~ (stealth).
  3022 | D:4      | 3022 ||| Stepping ~*~*~tactically~*~*~ (stealth).
  3024 | D:4      | 3024 ||| Stepping ~*~*~tactically~*~*~ (hiding).
  3042 | D:4      | Reached skill level 3 in Fighting
  3092 | D:4      | Found a blossoming altar of Fedhas.
  3281 | D:4      | 3281 ||| Stepping ~*~*~tactically~*~*~ (stealth).
  3479 | D:4      | Found a glowing golden altar of the Shining One.
  3480 | D:4      | Found a white marble altar of Elyvilon.
  3785 | D:4      | 3785 ||| UPGRADING to ring of protection from fire.
  3915 | D:5      | Noticed Blork the orc
  3921 | D:5      | Killed Blork the orc
  3922 | D:5      | Reached skill level 9 in Unarmed Combat
  3993 | D:5      | Reached skill level 1 in Dodging
  4118 | D:5      | Noticed Pikel
  4124 | D:5      | 4124 ||| Stepping ~*~*~tactically~*~*~ (stealth).
  4127 | D:5      | 4127 ||| Stepping ~*~*~tactically~*~*~ (outnumbered).
  4128 | D:5      | 4128 ||| Stepping ~*~*~tactically~*~*~ (outnumbered).
  4129 | D:5      | 4129 ||| Stepping ~*~*~tactically~*~*~ (outnumbered).
  4130 | D:5      | 4130 ||| Stepping ~*~*~tactically~*~*~ (outnumbered).
  4131 | D:5      | 4131 ||| Stepping ~*~*~tactically~*~*~ (outnumbered).
  4132 | D:5      | 4132 ||| Stepping ~*~*~tactically~*~*~ (outnumbered).
  4133 | D:5      | 4133 ||| Stepping ~*~*~tactically~*~*~ (outnumbered).
  4141 | D:5      | Killed Pikel
  4142 | D:5      | Reached skill level 10 in Unarmed Combat
  4142 | D:5      | Reached XP level 8. HP: 75/75 MP: 8/8
  4146 | D:5      | Noticed Edmund
  4173 | D:5      | Killed Edmund
  4229 | D:5      | 4229 ||| DRINKING 2 fuming dark potions.
  4229 | D:5      | Gained mutation: You are weak. (Str -2) [potion of
                  | mutation]
  4229 | D:5      | Gained mutation: You occasionally shout uncontrollably at
                  | your foes. [potion of mutation]
  4229 | D:5      | Gained mutation: Your magical capacity is low. (-10% MP)
                  | [potion of mutation]
  4230 | D:5      | 4230 ||| DRINKING 2 metallic white potions.
  4231 | D:5      | 4231 ||| READING 2 scrolls of identify.
  4231 | D:5      | 4231 ||| IDENTIFYING clear potion
  4232 | D:5      | 4232 ||| DROPPING potion of berserk rage.
  4246 | D:6      | 4246 ||| INVOKING Fiery Armour.
  4250 | D:6      | 4250 ||| Stepping ~*~*~tactically~*~*~ (outnumbered).
  4256 | D:6      | 4256 ||| Stepping ~*~*~tactically~*~*~ (outnumbered).
  4258 | D:6      | 4258 ||| Stepping ~*~*~tactically~*~*~ (outnumbered).
  4261 | D:6      | 4261 ||| Stepping ~*~*~tactically~*~*~ (outnumbered).
  4346 | D:6      | 4346 ||| Stepping ~*~*~tactically~*~*~ (hiding).
  4387 | D:6      | 4387 ||| Stepping ~*~*~tactically~*~*~ (stealth).
  4390 | D:6      | 4390 ||| Stepping ~*~*~tactically~*~*~ (hiding).
  4425 | D:6      | Reached skill level 11 in Unarmed Combat
  4439 | D:6      | 4439 ||| Stepping ~*~*~tactically~*~*~ (stealth).
  4442 | D:6      | 4442 ||| Stepping ~*~*~tactically~*~*~ (hiding).
  4445 | D:6      | 4445 ||| Stepping ~*~*~tactically~*~*~ (outnumbered).
  4447 | D:6      | 4447 ||| INVOKING Fiery Armour.
  4448 | D:6      | 4448 ||| Stepping ~*~*~tactically~*~*~ (outnumbered).
  4449 | D:6      | 4449 ||| Stepping ~*~*~tactically~*~*~ (outnumbered).
  4475 | D:6      | 4475 ||| Stepping ~*~*~tactically~*~*~ (stealth).
  4477 | D:6      | 4477 ||| Stepping ~*~*~tactically~*~*~ (hiding).
  4480 | D:6      | 4480 ||| Stepping ~*~*~tactically~*~*~ (hiding).
  4493 | D:6      | Reached XP level 9. HP: 84/84 MP: 8/8
  4496 | D:6      | Reached skill level 1 in Throwing
  4690 | D:6      | 4690 ||| Stepping ~*~*~tactically~*~*~ (hiding).
  4691 | D:6      | 4691 ||| Stepping ~*~*~tactically~*~*~ (hiding).
  4693 | D:6      | 4693 ||| Stepping ~*~*~tactically~*~*~ (hiding).
  4916 | D:6      | 4916 ||| Stepping ~*~*~tactically~*~*~ (outnumbered).
  4930 | D:6      | 4930 ||| INVOKING Fiery Armour.
  5026 | D:6      | 5026 ||| Stepping ~*~*~tactically~*~*~ (hiding).
  5028 | D:6      | 5028 ||| Stepping ~*~*~tactically~*~*~ (stealth).
  5034 | D:6      | 5034 ||| DRINKING 2 potions of curing.
  5034 | D:6      | 5034 ||| (to cure confusion)
  5174 | D:6      | 5174 ||| DROPPING ring of flight.
  5203 | D:7      | 5203 ||| INVOKING Fiery Armour.
  5207 | D:7      | 5207 ||| Stepping ~*~*~tactically~*~*~ (outnumbered).
  5208 | D:7      | 5208 ||| Stepping ~*~*~tactically~*~*~ (outnumbered).
  5209 | D:7      | 5209 ||| Stepping ~*~*~tactically~*~*~ (outnumbered).
  5210 | D:7      | 5210 ||| Stepping ~*~*~tactically~*~*~ (outnumbered).
  5211 | D:7      | 5211 ||| Stepping ~*~*~tactically~*~*~ (outnumbered).
  5212 | D:7      | 5212 ||| Stepping ~*~*~tactically~*~*~ (outnumbered).
  5213 | D:7      | 5213 ||| Stepping ~*~*~tactically~*~*~ (outnumbered).
  5214 | D:7      | 5214 ||| Stepping ~*~*~tactically~*~*~ (outnumbered).
  5215 | D:7      | 5215 ||| Stepping ~*~*~tactically~*~*~ (outnumbered).
  5216 | D:7      | 5216 ||| Stepping ~*~*~tactically~*~*~ (outnumbered).
  5217 | D:7      | 5217 ||| Stepping ~*~*~tactically~*~*~ (outnumbered).
  5218 | D:7      | 5218 ||| Stepping ~*~*~tactically~*~*~ (outnumbered).
  5219 | D:7      | 5219 ||| Stepping ~*~*~tactically~*~*~ (outnumbered).
  5221 | D:7      | 5221 ||| Stepping ~*~*~tactically~*~*~ (outnumbered).
  5222 | D:7      | 5222 ||| Stepping ~*~*~tactically~*~*~ (outnumbered).
  5223 | D:7      | 5223 ||| Stepping ~*~*~tactically~*~*~ (outnumbered).
  5224 | D:7      | 5224 ||| Stepping ~*~*~tactically~*~*~ (outnumbered).
  5225 | D:7      | 5225 ||| Stepping ~*~*~tactically~*~*~ (outnumbered).
  5226 | D:7      | 5226 ||| Stepping ~*~*~tactically~*~*~ (outnumbered).
  5227 | D:7      | 5227 ||| Stepping ~*~*~tactically~*~*~ (outnumbered).
  5228 | D:7      | 5228 ||| Stepping ~*~*~tactically~*~*~ (outnumbered).
  5229 | D:7      | 5229 ||| Stepping ~*~*~tactically~*~*~ (outnumbered).
  5241 | D:7      | 5241 ||| Stepping ~*~*~tactically~*~*~ (outnumbered).
  5242 | D:7      | Reached skill level 12 in Unarmed Combat
  5292 | D:7      | Found a staircase to the Ecumenical Temple.
  5297 | D:7      | Found an opulent altar of Gozag.
  5446 | D:7      | 5446 ||| INVOKING Fiery Armour.
  5733 | D:8      | 5733 ||| Stepping ~*~*~tactically~*~*~ (stealth).
  5739 | D:8      | 5739 ||| Stepping ~*~*~tactically~*~*~ (stealth).
  5740 | D:8      | 5740 ||| Stepping ~*~*~tactically~*~*~ (stealth).
  5743 | D:8      | 5743 ||| FLEEEEING.
  5744 | D:8      | 5744 ||| FLEEEEING.
  5760 | D:8      | 5760 ||| Stepping ~*~*~tactically~*~*~ (outnumbered).
  5775 | D:8      | 5775 ||| Stepping ~*~*~tactically~*~*~ (stealth).
  5778 | D:8      | 5778 ||| Stepping ~*~*~tactically~*~*~ (stealth).
  5779 | D:8      | 5779 ||| Stepping ~*~*~tactically~*~*~ (outnumbered).
  5780 | D:8      | 5780 ||| Stepping ~*~*~tactically~*~*~ (outnumbered).
  5792 | D:8      | Reached skill level 13 in Unarmed Combat
  5801 | D:8      | Found a runed translucent gate.
  5847 | D:8      | 5847 ||| Stepping ~*~*~tactically~*~*~ (stealth).
  5849 | D:8      | 5849 ||| Stepping ~*~*~tactically~*~*~ (stealth).
  5864 | D:8      | Reached XP level 10. HP: 63/96 MP: 9/9
  6045 | D:8      | Found a runed translucent gate.
  6045 | D:8      | Found a runed translucent gate.
  6050 | D:8      | Found an opulent altar of Gozag.
  6053 | D:8      | Noticed qw's ghost (novice TrCA)
  6053 | D:8      | Noticed a centaur warrior
  6240 | D:8      | 6240 ||| DRINKING potion of curing.
  6240 | D:8      | 6240 ||| (to cure confusion)
  6541 | D:8      | 6541 ||| DROPPING ring of magical power.
  6542 | D:8      | 6542 ||| READING scroll labelled FAOGUE FEUH.
  6543 | D:8      | 6543 ||| READING 2 scrolls of teleportation.
  6694 | D:9      | 6694 ||| INVOKING Fiery Armour.
  6695 | D:9      | 6695 ||| Stepping ~*~*~tactically~*~*~ (outnumbered).
  6696 | D:9      | 6696 ||| Stepping ~*~*~tactically~*~*~ (outnumbered).
  6697 | D:9      | 6697 ||| Stepping ~*~*~tactically~*~*~ (outnumbered).
  6698 | D:9      | 6698 ||| Stepping ~*~*~tactically~*~*~ (outnumbered).
  6699 | D:9      | 6699 ||| Stepping ~*~*~tactically~*~*~ (outnumbered).
  6702 | D:9      | Reached skill level 14 in Unarmed Combat
  6702 | D:9      | 6702 ||| Stepping ~*~*~tactically~*~*~ (outnumbered).
  6765 | D:9      | Found a staircase to the Lair.
  6765 | D:9      | Noticed an elephant
  6766 | D:9      | 6766 ||| Stepping ~*~*~tactically~*~*~ (stealth).
  6773 | D:9      | 6773 ||| Stepping ~*~*~tactically~*~*~ (outnumbered).
  6774 | D:9      | 6774 ||| Stepping ~*~*~tactically~*~*~ (outnumbered).
  6783 | D:9      | Killed an elephant
  6784 | D:9      | Reached skill level 6 in Fighting
  6902 | D:9      | 6902 ||| Stepping ~*~*~tactically~*~*~ (hiding).
  6966 | D:9      | 6966 ||| Stepping ~*~*~tactically~*~*~ (hiding).
  6990 | D:9      | 6990 ||| Stepping ~*~*~tactically~*~*~ (outnumbered).
  6991 | D:9      | 6991 ||| Stepping ~*~*~tactically~*~*~ (outnumbered).
  6992 | D:9      | 6992 ||| Stepping ~*~*~tactically~*~*~ (outnumbered).
  6993 | D:9      | 6993 ||| INVOKING Fiery Armour.
  6994 | D:9      | 6994 ||| Stepping ~*~*~tactically~*~*~ (outnumbered).
  6995 | D:9      | 6995 ||| Stepping ~*~*~tactically~*~*~ (outnumbered).
  6996 | D:9      | 6996 ||| Stepping ~*~*~tactically~*~*~ (outnumbered).
  6997 | D:9      | 6997 ||| Stepping ~*~*~tactically~*~*~ (outnumbered).
  6998 | D:9      | 6998 ||| Stepping ~*~*~tactically~*~*~ (outnumbered).
  6999 | D:9      | 6999 ||| Stepping ~*~*~tactically~*~*~ (outnumbered).
  7002 | D:9      | 7002 ||| Stepping ~*~*~tactically~*~*~ (outnumbered).
  7003 | D:9      | 7003 ||| Stepping ~*~*~tactically~*~*~ (outnumbered).
  7004 | D:9      | 7004 ||| Stepping ~*~*~tactically~*~*~ (outnumbered).
  7005 | D:9      | 7005 ||| Stepping ~*~*~tactically~*~*~ (outnumbered).
  7007 | D:9      | 7007 ||| Stepping ~*~*~tactically~*~*~ (outnumbered).
  7021 | D:9      | 7021 ||| Stepping ~*~*~tactically~*~*~ (outnumbered).
  7026 | D:9      | HP: 22/100 [something (30)]
  7027 | D:9      | 7027 ||| READING scroll of teleportation.
  7028 | D:9      | 7028 ||| DRINKING potion of heal wounds.
  7028 | D:9      | 7028 ||| PLANNING LAIR
  7028 | D:9      | 7028 ||| DRINKING potion of heal wounds.
  7028 | D:9      | 7028 ||| PLANNING LAIR
  7029 | D:9      | Reached skill level 15 in Unarmed Combat
  7048 | D:9      | 7048 ||| DROPPING scarf of shadows.
  7049 | D:9      | 7049 ||| READING 2 scrolls of identify.
  7049 | D:9      | 7049 ||| IDENTIFYING glowing blue potion
  7080 | Lair:1   | Entered Level 1 of the Lair of Beasts
  7287 | Lair:1   | 7287 ||| Stepping ~*~*~tactically~*~*~ (stealth).
  7291 | Lair:1   | 7291 ||| INVOKING Fiery Armour.
  7293 | Lair:1   | Reached XP level 11. HP: 106/106 MP: 10/10
  7634 | Lair:1   | You fall into a shaft and drop 1 floor!
  7778 | Lair:1   | 7778 ||| Stepping ~*~*~tactically~*~*~ (stealth).
  7781 | Lair:1   | 7781 ||| Stepping ~*~*~tactically~*~*~ (stealth).
  8167 | Lair:1   | 8167 ||| READING 2 scrolls of identify.
  8167 | Lair:1   | 8167 ||| IDENTIFYING brown potion
  8245 | Lair:2   | 8245 ||| INVOKING Fiery Armour.
  8247 | Lair:2   | Reached skill level 16 in Unarmed Combat
  8623 | Lair:2   | Found a hole to the Spider Nest.
  8921 | Lair:2   | 8921 ||| READING scroll labelled LUIRUE FAMAPSI.
  8969 | Lair:3   | Noticed a five-headed hydra
  8970 | Lair:3   | 8970 ||| INVOKING Fiery Armour.
  8975 | Lair:3   | 8975 ||| Stepping ~*~*~tactically~*~*~ (outnumbered).
  8978 | Lair:3   | 8978 ||| Stepping ~*~*~tactically~*~*~ (outnumbered).
  8979 | Lair:3   | 8979 ||| Stepping ~*~*~tactically~*~*~ (outnumbered).
  8992 | Lair:3   | Killed a six-headed hydra
  9001 | Lair:3   | 9001 ||| Stepping ~*~*~tactically~*~*~ (outnumbered).
  9007 | Lair:3   | HP: 23/109 [yak (6)]
  9008 | Lair:3   | 9008 ||| READING 2 scrolls of teleportation.
  9096 | Lair:3   | Noticed an eight-headed hydra
  9097 | Lair:3   | 9097 ||| INVOKING Fiery Armour.
  9105 | Lair:3   | Killed a ten-headed hydra
  9106 | Lair:3   | Reached skill level 17 in Unarmed Combat
  9141 | Lair:3   | 9141 ||| Stepping ~*~*~tactically~*~*~ (outnumbered).
  9143 | Lair:3   | 9143 ||| Stepping ~*~*~tactically~*~*~ (outnumbered).
  9144 | Lair:3   | 9144 ||| STAIRDANCE
  9146 | Lair:2   | 9146 ||| PLANNING TEMPLE
  9147 | Lair:2   | Reached XP level 12. HP: 92/118 MP: 11/11
  9326 | Temple   | Entered the Ecumenical Temple
  9326 | Temple   | Found a transporter.
  9326 | Temple   | Found a transporter.
  9328 | Temple   | Found a transporter.
  9328 | Temple   | Found a transporter.
  9338 | Temple   | 9338 ||| PLANNING LAIR
  9341 | Temple   | 9341 ||| PLANNING CONVERSION TO OKAWARU
  9348 | Temple   | Fell from the grace of Ignis
  9348 | Temple   | Became a worshipper of Warmaster Okawaru
  9349 | Temple   | 9349 ||| PLANNING LAIR
  9600 | Lair:3   | 9600 ||| STAIRDANCE
  9641 | Lair:3   | Noticed a boulder beetle
  9642 | Lair:3   | 9642 ||| Stepping ~*~*~tactically~*~*~ (stealth).
  9655 | Lair:3   | Killed a boulder beetle
  9810 | Lair:3   | Reached * piety under Okawaru
  9832 | Lair:3   | 9832 ||| INVOKING Heroism.
  9840 | Lair:3   | Reached skill level 18 in Unarmed Combat
  9862 | Lair:3   | Noticed a seven-headed hydra
  9863 | Lair:3   | 9863 ||| INVOKING Heroism.
  9868 | Lair:3   | 9868 ||| Stepping ~*~*~tactically~*~*~ (stealth).
  9871 | Lair:3   | HP: 21/118 [nine-headed hydra (12)]
  9871 | Lair:3   | HP: 6/118 [nine-headed hydra (15)]
  9872 | Lair:3   | 9872 ||| READING scroll of teleportation.
  9872 | Lair:3   | Slain by a nine-headed hydra

Levels and vault maps discovered:
D:1:      lightli_arrival_boilingwater, layout_basic,
          shapermc_ecumenical_altar_mp_ritualfount, interstate_on_off,
          serial_bayou_pond_d, amcnicky_mini_corridor_feature,
          minmay_worlds_worst_comb
D:2:      minmay_inner_zag, layout_basic
D:3:      layout_loops_ring, chequers_serial_rivers_room_b, kennysheep_path_1,
          uniq_robin
D:4:      layout_basic, fedhas_altar_3, grunt_temple_overflow_open
D:5:      layout_basic, nrook_mini_vaults, uniq_pikel, uniq_edmund,
          uniq_blork_the_orc
D:6:      layout_gridville
D:7:      layout_rooms, grunt_gozag_statues, minmay_temple_entry_purple_smoke,
          grunt_ogre_cave
D:8:      layout_basic, ebering_ghost_gozag
D:9:      minmay_four_partial_circles, layout_stronghold, david_lair_generic,
          hiddenorc1_lemuel
Temple:   hellmonk_temple_divided_pantheon
Lair:1:   layout_cave_pods, serial_bayou_shore_b
Lair:2:   layout_regular_city, dummy_spider_entry, infiniplex_staircase_pool_2
Lair:3:   nzn_winding_woodlands_stair_cross [nzn_winding_woodlands_5x15_garden,
          nzn_winding_woodlands_center_garden,
          nzn_winding_woodlands_5x15_sawtooth,
          nzn_winding_woodlands_5x5_open_star, nzn_winding_woodlands_hourglass,
          nzn_winding_woodlands_5x15_split_checker,
          nzn_winding_woodlands_center_pierced_h,
          nzn_winding_woodlands_5x15_longhouse], layout_long_grid,
          minmay_shoals_entry_hut, uniq_nessos

Skill      XL: |  1  2  3  4  5  6  7  8  9 10 11 12 |
---------------+-------------------------------------+-----
Unarmed Combat | 4 5 6 7 8 10 11 13 15 17 18 | 18.0
Fighting       | 3 4 5 6 7 |  7.1
Dodging        | 1 2 |  2.0
Throwing       | 2 |  2.2
Spellcasting   | |  1.0
Fire Magic     | |  2.1
Invocations    | |  0.6

Action                   |  1- 3 |  4- 6 |  7- 9 | 10-12 || total
-------------------------+-------+-------+-------+-------++-------
Melee: Unarmed           |    99 |   105 |   293 |   311 ||   808
       Punch             |     1 |     1 |     7 |    20 ||    29
Throw: Boomerang         |       |       |    20 |    55 ||    75
Invok: Fiery Armour      |       |     2 |     5 |     6 ||    13
       Heroism           |       |       |       |     2 ||     2
  Use: Scroll            |     3 |    10 |     1 |     8 ||    22
       Potion            |       |     6 |     3 |     1 ||    10
Armor: Robe              |    21 |    51 |   102 |   100 ||   274
Dodge: Dodged            |    30 |    47 |   117 |   115 ||   309

Table legend:
 A = Non-vault XP
 B = Vault XP
 C = Vault XP percentage of total XP
 D = Non-vault monster count
 E = Vault monster count
 F = Vault count percentage of total count
                 A         B        C        D         E       F
            +---------+---------+-------+---------+---------+-------
      Total |   13875 |   11590 |  45.5 |     232 |      60 |  20.5
            +---------+---------+-------+---------+---------+-------
        D:1 |      41 |       8 |  16.3 |      23 |       4 |  14.8
        D:2 |      55 |       8 |  12.7 |      16 |       5 |  23.8
        D:3 |      23 |      26 |  53.1 |       7 |       7 |  50.0
        D:4 |     497 |       0 |   0.0 |      36 |       0 |   0.0
        D:5 |     592 |     864 |  59.3 |      15 |       3 |  16.7
        D:6 |    1309 |       0 |   0.0 |      37 |       0 |   0.0
        D:7 |    1092 |     121 |  10.0 |      23 |       1 |   4.2
        D:8 |    2062 |       0 |   0.0 |      26 |       0 |   0.0
        D:9 |    1075 |    2954 |  73.3 |      14 |      18 |  56.2
     Lair:1 |    3366 |       0 |   0.0 |      21 |       0 |   0.0
     Lair:2 |    1494 |     982 |  39.7 |       5 |       3 |  37.5
     Lair:3 |    2269 |    6627 |  74.5 |       9 |      19 |  67.9
            +---------+---------+-------+---------+---------+-------
